Cogmind - Beta 17.1 @@@ ROGUE MODE // 2026.09.12 @ 20:27:17 Player: MOPO3 Result: Self-destructed Performance ------------- Evolutions (1) 500 Regions Visited (2) 400 Robots Destroyed (22) 110 Value Destroyed (457) 457 Prototype IDs (0) 0 Alien Tech Used (0) 0 Bonus (0) 0 TOTAL SCORE: 1467 Bonus ------- None Cogmind --------- Core Integrity 357/400 Matter 300/300 Energy 160/160 System Corruption 0% Temperature Warm (165) Movement Core (1500) Ox29 Location -9/Materials Parts ------- > --- POWER (1) -------- Light Nuclear Core > --- PROPULSION (2) --- (None) > --- UTILITY (4) ------ Huge Storage Unit Seismic Detector > --- WEAPON (2) ------- EM Pulse Gun > --- INVENTORY (25) --- Ion Engine Ion Engine Light Treads Light Treads Light Treads Light Treads Light Treads Medium Storage Unit Medium Matter Pod (100) Small Laser Small Laser Small Laser Beam Cannon Light Assault Rifle Grenade Launcher Peak State ------------ > --- POWER ------------ Light Nuclear Core > --- PROPULSION ------- Light Treads Light Treads > --- UTILITY ---------- High-capacity Storage Unit Seismic Detector > --- WEAPON ----------- EM Pulse Gun Light Assault Rifle > --- INVENTORY -------- Ion Engine Ion Engine Light Treads Light Treads Light Treads Medium Storage Unit Medium Matter Pod Small Laser Small Laser Light Assault Rifle Grenade Launcher [Rating: 10] Favorites ----------- Power Ion Engine Engine Ion Engine Power Core Light Nuclear Core Propulsion Light Treads Treads Light Treads Wheel Compact Wheel Utility Seismic Detector Device Seismic Detector Storage Huge Storage Unit Weapon Light Assault Rifle Energy Gun EM Pulse Gun Ballistic Gun Light Assault Rifle Launcher Grenade Launcher Build | -11 -10 -9 ------- Run | Yrd Mat Mat Slots Evolved 2 | . . 2 Power . | . . . Propulsion . | . . . Utility 2 | . . 2 Weapon . | . . . Parts Attached 19 | 7 10 2 Power 3 | 1 2 . Engine 2 | 1 1 . Core 1 | . 1 . Reactor . | . . . Propulsion 6 | 2 2 2 Treads 4 | 2 2 . Leg . | . . . Wheel 2 | . . 2 Hover . | . . . Flight . | . . . Utility 5 | 2 3 . Device 1 | 1 . . Storage 4 | 1 3 . Processor . | . . . Hackware . | . . . Protection . | . . . Artifact . | . . . Weapon 5 | 2 3 . Energy Gun 2 | 1 1 . Energy Cannon . | . . . Ballistic Gun 2 | 1 1 . Ballistic Cannon . | . . . Launcher 1 | . 1 . Special Weapon . | . . . Impact Weapon . | . . . Slashing Weapon . | . . . Piercing Weapon . | . . . Special Melee Weapon . | . . . Unidentified Prototypes . | . . . Parts Lost 6 | . 3 3 Power . | . . . Propulsion 3 | . 1 2 Utility . | . . . Weapon 3 | . 2 1 Highest Loss Streak 3 | . 3 3 To Critical Strikes . | . . . Average Backups 9 | 1 9 13 Power 1 | . 1 2 Propulsion 2 | . 3 4 Utility 1 | . 2 2 Weapon 3 | . 3 5 Tool/Special . | . . . Unused Backups 7 | . . 7 Power 1 | . . 1 Propulsion 2 | . . 2 Utility 1 | . . 1 Weapon 3 | . . 3 Tool/Special . | . . . Average Slot Usage (%) 91 | . 95 75 Engine 6 | . 8 . Core 6 | . 5 11 Treads 22 | . 27 3 Wheel 3 | . . 17 Device 13 | . 13 11 Storage 13 | . 14 11 Energy Gun 11 | . 11 11 Ballistic Gun 12 | . 13 10 Peak Build Rating 10 | 7 10 10 Average Rating 8 | 5 8 9 On Entrance 5 | . 7 10 Avg Prop Armor Cover (%) . | . . . Naked Turns . | . . . Heaviest Build 89 | 14 89 89 Greatest Support 40 | 40 40 40 Greatest Overweight (x) 3 | 3 2 2 Average Overweight (x) . | . . 2 Largest Inventory Capacity 25 | 8 25 25 Average Capacity 18 | 7 19 25 Most Carried 15 | 2 14 15 Average Carried 9 | 1 10 14 Final Capacity 25 | 8 25 25 Final Carried 15 | 2 14 15 Class Distribution -------------------- 83% | Mutant 16% | Scavenger-Mutant Dominant Class ---------------- Mutant | -10/Materials Scavenger-Mutant | -9/Materials Resources | -11 -10 -9 ----------- Run | Yrd Mat Mat Matter Collected 651 | 268 337 46 Remotely . | . . . Salvage Created 749 | 29 635 85 Parts 47 | 5 34 8 Haulers Intercepted 1 | . 1 . Recyclers Shooed . | . . . Parts Field Recycled . | . . . Retrieved Matter . | . . . Parts Self-Destructed . | . . . Prevented . | . . . Parts Restored . | . . . Kills | -11 -10 -9 ------- Run | Yrd Mat Mat Combat Hostiles Destroyed 15 | . 13 2 Guns 8 | . 6 2 AOE 7 | . 7 . Classes Destroyed 6 | 1 5 . Worker 1 | . 1 . Tunneler 2 | 2 . . Hauler 1 | . 1 . Recycler 3 | . 3 . Swarmer 6 | . 6 . Grunt 9 | . 7 2 Best Kill Streak 13 | 2 13 1 Combat Bots Only 5 | . 5 1 Max Kills in Single Turn 2 | 1 2 1 Gunslinging 1 | . 1 . Exploded 2 | . 2 . Melee . | . . . Uniques/NPCs Destroyed . | . . . Combat | -11 -10 -9 -------- Run | Yrd Mat Mat Hostile Shots Fired 110 | . 88 22 Missed 29 | . 26 3 Hits 81 | . 62 19 Projectile 81 | . 62 19 Critical Strikes 1 | . . 1 Damage Taken 962 | . 710 252 Core 256 | . 213 43 Absorbed by Shields . | . . . Regen/Repaired (Parts) 19 | . 19 . Core Remaining (%) 57 | 100 14 . Volleys Fired 65 | 7 47 11 Largest 2 | 2 2 2 Hottest 60 | 60 60 60 Shots Fired 124 | 14 88 22 Gun 119 | 14 83 22 Cannon . | . . . Launcher 5 | . 5 . Special . | . . . Kinetic 75 | 7 57 11 Thermal . | . . . Explosive 5 | . 5 . Electromagnetic 44 | 7 26 11 Robot Hit Streak 11 | 4 11 5 Robot Miss Streak 5 | 3 5 3 Penetration Max . | . . . Secondary Targets 2 | . 2 . Max Gunslinging Chain 1 | . 1 . Shots Hit Robots 80 | 9 56 15 Core Hits 46 | 5 35 6 Critical Kills . | . . . Critical Parts Destroyed 1 | 1 . . Critical Strikes 1 | 1 . . Destroy 1 | 1 . . Melee Attacks . | . . . Impact . | . . . Slashing . | . . . Piercing . | . . . Sneak Attacks . | . . . Combat Hostiles . | . . . Follow-up Attacks . | . . . Damage Inflicted 1252 | 109 994 149 Guns 805 | 109 547 149 Cannons . | . . . Explosions 447 | . 447 . Melee . | . . . Ramming . | . . . Kinetic 404 | 42 290 72 Thermal 78 | . 78 . Explosive 369 | . 369 . Electromagnetic 401 | 67 257 77 Impact . | . . . Slashing . | . . . Piercing . | . . . Highest Corruption . | . . . Average Corruption . | . . . Corruption Purged . | . . . Corruption Blocked . | . . . Overload Shots . | . . . Overflow Damage 19 | . 19 . Projectiles . | . . . Explosions 19 | . 19 . Melee . | . . . Knockbacks . | . . . Impact . | . . . Kinetic . | . . . Secondary . | . . . Self-Inflicted Damage 55 | . 55 . Shots 2 | . 2 . Rammed . | . . . Targets Rammed . | . . . Kicked . | . . . Crushed . | . . . Highest Temperature 177 | 40 113 177 Average Temperature 45 | 17 39 81 Received Heat Transfer 396 | . 234 162 Siege Activations . | . . . Martial Activations . | . . . Shielding Activations . | . . . Robots Disrupted . | . . . Combat Hostiles . | . . . Robots Corrupted . | . . . Combat Hostiles . | . . . Parts Fried 1 | . 1 . Impact Corruptions . | . . . Robots Melted . | . . . Combat Hostiles . | . . . Parts Melted . | . . . Heat Transferred 150 | . 150 . Parts Sabotaged . | . . . Parts Stolen . | . . . Parts Stripped . | . . . Power Chain Reactions 2 | . 2 . Alert | -11 -10 -9 ------- Run | Yrd Mat Mat Maximum Alert Level 1 | . 1 . Low Security (%) 68 | 100 54 100 Level 1 31 | . 45 . Level 2 . | . . . Level 3 . | . . . Level 4 . | . . . Level 5 . | . . . High Security . | . . . Max Security . | . . . Peak Influence 298 | 5 298 74 Initial 74 | . . 74 Average 110 | 1 152 41 Influence Increases 529 | 10 479 40 Destroy 0b10 Robot/C 300 | . 260 40 Destroy 0b10 Robot/NC 35 | 10 25 . Destroy Leader 52 | . 52 . Successful Hack 24 | . 24 . Select Force Hacks 30 | . 30 . Disable Machine 45 | . 45 . Destroy Structure 28 | . 28 . Lose Combat Pursuer 15 | . 15 . Influence Decreases 525 | 10 301 214 Entered New Map 104 | . . 104 Time Decay 361 | 10 271 80 Lost Part 60 | . 30 30 Squads Dispatched 2 | . 1 1 Investigation 2 | . 1 1 Extermination . | . . . Reinforcement . | . . . Assault . | . . . Garrison . | . . . Intercept . | . . . Searches Triggered . | . . . Construction Impeded . | . . . Haulers Reinforced . | . . . Active Scanning Responses . | . . . Cargo Convoy Interrupts . | . . . Stealth | -11 -10 -9 --------- Run | Yrd Mat Mat Distress Signals 1 | . 1 . Communications Jammed . | . . . Distress Signals . | . . . Times Spotted 29 | . 24 5 Peak Tracking Total 10 | . 10 4 Tactical Retreats 1 | . 1 . Traps | -11 -10 -9 ------- Run | Yrd Mat Mat Traps Triggered 2 | . 2 . Indirectly . | . . . Trap Hack Attempts . | . . . Triggered . | . . . Disarmed . | . . . Reprogrammed . | . . . Reused . | . . . Traps Extracted . | . . . Installed . | . . . Triggered . | . . . Machines | -11 -10 -9 ---------- Run | Yrd Mat Mat Machines Disabled 3 | . 3 . Max in Single Turn 1 | . 1 . Machines Repaired . | . . . Machines Dismantled . | . . . Machines Sabotaged . | . . . Overloaded Fab Kills . | . . . Hacking | -11 -10 -9 --------- Run | Yrd Mat Mat Machines Accessed 6 | . 5 1 Terminals 3 | . 2 1 Fabricators . | . . . Repair Stations 1 | . 1 . Recycling Units 2 | . 2 . Scanalyzers . | . . . Garrison Access . | . . . Total Hacks 19 | . 16 3 Successful 10 | . 9 1 Failed 9 | . 7 2 Catastrophic 1 | . 1 . Database Lockouts . | . . . Manual 14 | . 11 3 Terminals 11 | . 8 3 Fabricators . | . . . Repair Stations 2 | . 2 . Recycling Units 6 | . 6 . Scanalyzers . | . . . Garrison Access . | . . . Terminal Hacks 1 | . 1 . Branch Access Points 1 | . 1 . Fabricator Hacks . | . . . Repair Station Hacks 2 | . 2 . Scan Component 1 | . 1 . Repair 1 | . 1 . Recycling Unit Hacks 3 | . 3 . Process 1 | . 1 . Report Inventory 1 | . 1 . Retrieve Components 1 | . 1 . Scanalyzer . | . . . Garrison Access Hacks . | . . . Unauthorized Hacks 4 | . 3 1 Terminals 3 | . 2 1 Botnet 3 | . 2 1 Fabricators . | . . . Repair Stations . | . . . Recycling Units 1 | . 1 . Tunnel 1 | . 1 . Scanalyzers . | . . . Garrison Access . | . . . Data Cores Recovered . | . . . Used . | . . . Hacking Detections 5 | . 4 1 Full Trace Events 2 | . 1 1 Feedback Events . | . . . Feedback Blocked . | . . . Robot Schematics Acquired . | . . . Robots Built . | . . . Authchips . | . . . Time . | . . . Total Robot Build Rating . | . . . Part Schematics Acquired . | . . . Parts Built . | . . . Authchips . | . . . Time . | . . . Total Part Build Rating . | . . . Part Studies Acquired . | . . . Parts Repaired 1 | . 1 . Time 26 | . 26 . Parts Recycled . | . . . Recycled Matter 152 | . 152 . Retrieved Matter . | . . . Retrieved Components 9 | . 9 . Parts Scanalyzed . | . . . Part Schematics Acquired . | . . . Parts Damaged . | . . . Bothacking | -11 -10 -9 ------------ Run | Yrd Mat Mat Used RIF Installer . | . . . Robots Hacked . | . . . Non-combat . | . . . Combat . | . . . Robot Hacks Applied . | . . . Relay Couplers Released . | . . . Fabnet Peak Effective % . | . . . Robots Rewired . | . . . Allies Hacked . | . . . Hacks Repelled . | . . . Allies | -11 -10 -9 -------- Run | Yrd Mat Mat Total Allies . | . . . Largest Group . | . . . Highest-Rated Group . | . . . Highest-Rated Ally . | . . . Total Orders . | . . . Ally Attacks . | . . . Total Damage . | . . . Kills . | . . . Allies Corrupted . | . . . Allies Melted . | . . . Intel | -11 -10 -9 ------- Run | Yrd Mat Mat Active Infowar (turns) 873 | 49 657 167 Seismic 873 | 49 657 167 Robot Analysis Total . | . . . Derelict Logs Recovered . | . . . Drone Launches . | . . . Drone Recoveries . | . . . Exploration | -11 -10 -9 ------------- Run | Yrd Mat Mat Turns Passed 1010 | 158 685 167 Spaces Moved 339 | 82 215 42 Core 6 | 6 . . Treads 296 | 76 215 5 Legs . | . . . Wheels 37 | . . 37 Hover . | . . . Flight . | . . . Fastest Speed 50 | 50 160 130 Average Speed 204 | 155 233 152 Slowest Speed 320 | 200 320 320 Overloaded Moves . | . . . Propulsion Burnouts . | . . . Robots Hopped . | . . . Potential Cave-ins . | . . . Cave-ins Triggered . | . . . Exploration Rate (%) 16 | 3 40 5 Regions Visited 2 Branch Regions . Pre-discovered Areas 1 | . 1 . Known Exits Taken . | . . . Unknown Exits Taken 2 | 1 1 . Scrap Searched . | . . . Spaces Dug . | . . . Terrain Destroyed 26 | . 26 . Melee . | . . . Projectile . | . . . AOE 26 | . 26 . Terrain Rammed . | . . . Walls Destroyed . | . . . Machines Disabled . | . . . Actions | -11 -10 -9 --------- Run | Yrd Mat Mat Total 540 | 97 319 124 Wait 92 | . 26 66 Move 337 | 81 214 42 Hop . | . . . Pick Up 19 | 2 15 2 Fast Attach 9 | 7 2 . Attach 6 | . 6 . Detach . | . . . Swap 10 | . 8 2 Drop 2 | . 1 1 Fire 65 | 7 47 11 Melee . | . . . Ram . | . . . Kick . | . . . Crush . | . . . Escape Stasis . | . . . Rewire . | . . . Trap . | . . . Miscellaneous . | . . . Route ------- -11/Scrapyard -10/Materials (discovered 3 exits: *Mat x2 / Min) -9/Materials History --------- Turn | Location | Event 6 | -11/Scrapyard | Discovered new exit (range 16) 159 | -11/Scrapyard | Entered Materials 319 | -10/Materials | Discovered new exit (range 3) 331 | -10/Materials | Build established: Mutant 485 | -10/Materials | Core integrity fell below 50% 513 | -10/Materials | Core integrity fell below 20% 528 | -10/Materials | Lost 3 parts (1n2w) 621 | -10/Materials | Identified exit to Mines 698 | -10/Materials | Repaired Seismic Detector 825 | -10/Materials | Discovered new exit (range 6) 844 | -10/Materials | Entered another Materials area 844 | -9/Materials | Evolved 2 slots: Utility x2 1011 | -9/Materials | Self-destructed Last Messages --------------- 00868_ Connecting with Terminal... 00868_ Current location identified: Materials >>Trojan(Botnet) Trojan loaded successfully. Testing... Terminal linked with 0 systems. Awaiting botnet instructions. 00868_ ALERT: Suspicious activity at Terminal M006. Dispatching Investigation squad. 00973_ G-34 Mercenary destroyed. 00977_ Acquired 46 matter. 00979_ Acquired Sml. Laser. 00982_ R-06 Scavenger collects Heat Sink. 00990_ R-06 Scavenger collects Corrupted Aluminum Leg. 00996_ Critical hit (Burn: +37). 00997_ G-34 Mercenary destroyed. 01001_ R-06 Scavenger collects Ion Engine. 01004_ R-06 Scavenger collects Aluminum Leg. 01004_ Com. Wheel destroyed. 01008_ Lgt. Assault Rifle destroyed. Map ----- +----------------------------------------------------+ | ??????????????????????????????????? | | ??????????????????????????????????? | | ??????????????????????????????????? | | ???????########???????????????????? | | ???????# #???????????????????? | | ???????# """ #???????????????????? | | ???????# "T" #???????????????????? | | ???????# #???????????????????? | | ???????# #???????????????????? | | ???????# #???????????????????? | | ???????####+####??????????????????? | | ???????# #??????????????????? | | ???????# ! #??????????????????? | | ???????# #??????????????????? | | ???????##### #??????????????????? | | ???????????# #??????????????????? | | ???????????# #??????????????????? | | ???????????# #??????????????????? | | ???????????# #??????????????????? | | ?########### #??????????????????? | | ?# # #??????????????????? | | ?# # #??????????????????? | | ?# # #??????????????????? | | ?# # #??????????????????? | | ?# %g #??????????????????? | | ?# @# #??????????????????? | | ?# # #??????????????????? | | ?# % # #??????????????????? | | ?########g## #??????????????????? | | ????????[!?# #??????????????????? | | ??????? ?# #??????????????????? | | ??????? ?+ #??????????????????? | | ?????? !! ?# ??????????????????? | | ????? ! ?# ??????????????????? | | ????? ??? ?????????????????? | | ????#+###???#+###?????????????????? | | ??????????????????????????????????? | | ??????????????????????????????????? | | ??????????????????????????????????? | | ??????????????????????????????????? | | ??????????????????????????????????? | | ??????????????????????????????????? | | ??????????????????????????????????? | | ??????????????????????????????????? | | ??????????????????????????????????? | | ??????????????????????????????????? | | ??????????????????????????????????? | | ??????????????????????????????????? | | ??????????????????????????????????? | | ??????????????????????????????????? | +----------------------------------------------------+ Best States ------------- Heat Dissipation 28 Energy Generation 14 Energy Capacity 250 Matter Stores 300 Matter Capacity 300 Sight Range 16 Terrain Scan Density 10 Evasion (%) 40 Recoil Reduction 2 Item Schematics ----------------- None Robot Schematics ------------------ None Fabricated ------------ Nothing Repaired ---------- Seismic Detector | 5% | -10/Materials Studied --------- None Alien Tech Used ----------------- None Achievements -------------- None Challenges ------------ None Game ------ Seed NodeFortressTearclaws Manual? 0 Play Time 00:09:29 Cumulative 19.1 hours Start 2026.09.12 @ 20:16:43 End 2026.09.12 @ 20:27:17 Sessions 1 Manual Loads 0 Difficulty Rogue Special Mode None Game No. 21 Rogue 21 Adventurer 0 Explorer 0 Win Type - Total 1 Types 1/0/0/0/0/0/0/0/0/0 Lore% 11 Gallery% 23 Achievement% 25 Wizard Run 0 Options --------- Layout 0 ASCII 0 Keyboard 0 Movement Numpad Keybinds 0 Fullscreen 1 Font 18/Terminus Map View 76x50 Zoom Use 0% Tactical HUD 1 Map Filters NONE Filters NONE Steam 1 RUN: c6c23e3c-000d-404d-bcdb-95d784f81c3a